 Dungeon Crawl Stone Soup version 0.22.1-2-g9c5b331 (webtiles) character file.

109 Goblin1989 the Sneak (level 4, -8/29 HPs)
             Began as an Octopode Assassin on Dec 14, 2018.
             Mangled by an ogre
             ... wielding a +0 giant club
              (24 damage)
             ... on level 3 of the Dungeon.
             The game lasted 00:06:13 (3549 turns).

Goblin1989 the Sneak (Octopode Assassin)            Turns: 3549, Time: 00:06:15

Health: -8/29      AC:  1    Str: 10    XL:     4   Next: 90%
Magic:  4/4        EV: 12    Int: 13    God:
Gold:   169        SH:  6    Dex: 14    Spells: 3/3 levels left

rFire    . . .     SeeInvis .   w - +0 blowgun {@w1}
rCold    . . .     Gourm    .   C - +2 buckler
rNeg     . . .     Faith    .   (helmet restricted)
rPois    .         Spirit   .   (no amulet)
rElec    .         Reflect  .   g - ring of resist corrosion
rCorr    +         Harm     .   H - ring of resist corrosion (curse)
MR       .....                  (no ring)
Stlth    +++++.....             (no ring)
HPRegen  0.09/turn              (no ring)
MPRegen  0.09/turn              (no ring)
                                (no ring)
                                (no ring)

@: no status effects
A: almost no armour, stealthy swim, amphibious, 8 rings, constrict 8, camouflage
1, gelatinous body 1
a: no special abilities


You were on level 3 of the Dungeon.
You were very hungry.

You visited 1 branch of the dungeon, and saw 3 of its levels.

You collected 169 gold pieces.

Inventory:

Hand Weapons
 a - a +2 dagger
 w - a +0 blowgun (weapon) {@w1}
Missiles
 c - 8 poisoned needles
 d - a curare-tipped needle (quivered)
 x - 140 stones {@Q3}
 D - 36 arrows
Armour
 C - a +2 buckler (worn)
Jewellery
 g - a ring of resist corrosion (left tentacle)
 H - a cursed ring of resist corrosion (right tentacle)
Scrolls
 y - 2 scrolls of remove curse {unknown}
 z - a scroll of teleportation {unknown}
 B - 3 scrolls of identify {unknown}
 F - a scroll of immolation {unknown}
 I - a scroll of fear {unknown}
 N - a scroll of enchant armour {unknown}
Potions
 u - 6 potions of curing {unknown}
 E - a potion of heal wounds {unknown}
 G - a potion of lignification {unknown}
 K - a potion of might {unknown}
 L - a potion of mutation {unknown}
 O - 2 potions of cancellation {unknown}
 P - a potion of ambrosia {unknown}
 Q - a potion of agility {unknown}
Comestibles
 e - 6 rations


   Skills:
 - Level 2.0 Fighting
 - Level 2.0 Short Blades
 - Level 2.0 Throwing
 - Level 1.0 Dodging
 + Level 7.9 Stealth
 + Level 1.6 Shields


You had 3 spell levels left.
You didn't know any spells.
Your spell library was empty.

Dungeon Overview and Level Annotations

Branches:
Dungeon (3/15)

Altars:
Qazlal
Xom


Innate Abilities, Weirdness & Mutations

You cannot wear most types of armour.
You are very stealthy in the water. (Stealth+)
You are amphibious.
You can wear up to eight rings at the same time.
You can use your tentacles to constrict eight enemies at once.
Your skin changes colour to match your surroundings (Stealth+).
Your rubbery body absorbs attacks. (AC +1, EV +1)


Message History

No target in view!
No target in view!
No target in view!
No target in view!
No target in view!
No target in view!
No target in view!
No target in view!
No target in view!
Things that are here:
a dagger; a kobold corpse Key pressed, stopping explore.
Key pressed, stopping explore.
You see here a ring mail.
Key pressed, stopping explore.
You open the door.
An ooze comes into view.
A bat comes into view.
There is an open door here.
The helpless ooze fails to defend itself.
You impale the ooze!!
You kill the ooze!
A giant cockroach comes into view.
The helpless bat fails to defend itself.
You impale the bat!!
You kill the bat!
An ogre comes into view. It is wielding a giant club.
You see here a bat corpse.
Found a stone staircase leading up.
A rat comes into view.
The ogre shouts!
You block the ogre's attack.
You completely miss the ogre. Your squeeze misses the ogre.
You block the ogre's attack.
You hit the ogre.
The ogre is lightly wounded.
You block the rat's attack.
You hit the ogre.
The ogre is moderately wounded.
You block the ogre's attack. The giant cockroach closely misses you.
You block the rat's attack.
You hit the ogre.
The ogre is moderately wounded.
You block the giant cockroach's attack. The ogre barely misses you.
The rat barely misses you.
You hit the ogre.
The ogre is heavily wounded.
The giant cockroach barely misses you. The rat bites you.
You take 2 damage, and have 27/29 hp.
You hit the ogre. You squeeze the ogre.
The ogre is severely wounded.
The giant cockroach closely misses you. The ogre hits you with a giant club!
The rat bites you.
You take 13 damage, and have 14/29 hp.
MASSIVE DAMAGE!!
You are too injured to fight recklessly!
You are too injured to fight recklessly!
You are too injured to fight recklessly!
You are too injured to fight recklessly!
You are too injured to fight recklessly!
You are too injured to fight recklessly!
You are too injured to fight recklessly!
You are too injured to fight recklessly!
You are too injured to fight recklessly!
You are too injured to fight recklessly!
You are too injured to fight recklessly!
You are too injured to fight recklessly!
You are too injured to fight recklessly!
You are too injured to fight recklessly!
You are too injured to fight recklessly!
You are too injured to fight recklessly!
You are too injured to fight recklessly!
You are too injured to fight recklessly!
You are too injured to fight recklessly!
You are too injured to fight recklessly!
You are too injured to fight recklessly!
You are too injured to fight recklessly!
You are too injured to fight recklessly!
The giant cockroach misses you. You block the giant cockroach's attack.
There is an open door here.
You are feeling very hungry.
Wield which item (- for none, * to show all)? (? for menu, Esc to quit)
w - a +0 blowgun (weapon)
{@w1} Fire/throw which item? (* to show all) (? for menu, Esc to quit)
Okay, then.
Quiver which item? (- for none, * to show all) (? for menu, Esc to quit)
Quivering
d - 2 curare-tipped needles for blowguns.
There are no items here.
Unknown command.
Firing (i - inventory. (/) - cycle)
d - 2 curare-tipped needles (quivered)
Press: ? - help, Shift-Dir - straight line, f - ogre
Aim: an ogre, wielding a giant club (severely wounded)
You shoot a curare-tipped needle.
The curare-tipped needle barely misses the ogre.
The curare-tipped needle hits the giant cockroach.
The giant cockroach is poisoned.
The giant cockroach convulses.
You kill the giant cockroach!
The ogre hits you with a giant club!!
Ouch! That really hurt!
You die... ..............███..█ .....†.r......█ █..████ ..............█ ██>...█ .......███∆████ ████.█ ████████ █r█

█.█ █.█ █.███████████
█.█ █.█..........
█.██████████.█.███████.█
█...r(O@.....[.......█.█
████████████.█.█)███.█.█
█.█.█.....█.█
█.█.█.█.███.█
█.█.█.█████.█
█.█.█.......█
█.█..........
█.█████████.█
█............


You could see an ogre and a rat.

Vanquished Creatures
  An adder (D:2)
  3 oozes
  An adder zombie (D:3)
  A worm (D:2)
  2 dart slugs
  6 leopard geckos
  An orc (D:3)
  4 giant cockroaches
  8 goblins
  5 hobgoblins
  6 jackals
  4 kobolds
  3 ball pythons
  8 bats
  3 frilled lizards
  13 rats
69 creatures vanquished.

Notes
Turn   | Place    | Note
-------+----------+-------------------------------------------
     0 | D:1      | Goblin1989 the Octopode Assassin began the quest for the
                  | Orb.
     0 | D:1      | Reached XP level 1. HP: 14/14 MP: 1/1
   108 | D:1      | Reached XP level 2. HP: 19/19 MP: 2/2
   111 | D:1      | Reached skill level 6 in Stealth
   684 | D:1      | Reached XP level 3. HP: 23/24 MP: 3/3
   876 | D:1      | Reached skill level 7 in Stealth
  1916 | D:2      | Reached XP level 4. HP: 27/29 MP: 4/4
  2133 | D:2      | Found a stormy altar of Qazlal.
  2353 | D:2      | Reached skill level 1 in Shields
  2368 | D:2      | Found a shimmering altar of Xom.
  3514 | D:3      | Noticed an ogre
  3549 | D:3      | Mangled by an ogre

Skill      XL: |  1  2  3  4 |
---------------+-------------+-----
Stealth        | 6 7 |  7.9
Shields        | 1 |  1.6
Fighting       | |  2.0
Short Blades   | |  2.0
Throwing       | |  2.0
Dodging        | |  1.0

Action                   |  1- 3 |  4- 6 || total
-------------------------+-------+-------++-------
Melee: Dagger            |    68 |    45 ||   113
       Constrict         |    13 |     9 ||    22
       Tentacles         |     9 |     8 ||    17
 Fire: Blowgun           |       |     1 ||     1
 Stab: Sleeping          |    15 |    13 ||    28
  Eat: Chunk             |     2 |     5 ||     7
Armor: Skin              |     4 |       ||     4
Dodge: Dodged            |    31 |    15 ||    46
Block: Buckler           |     1 |    12 ||    13

Vault maps used:
D:1:      erik_arrival_gehennom, minmay_bisected
D:2:      grunt_qazlal_clouds, tgw_xom, first_ration
D:3:      serial_curves, eino_curves_01, eino_curves_03, eino_curves_02,
          uniq_crazy_yiuf_cottage
